 Dungeon Crawl Stone Soup version 0.30-a0-782-ge64f9170bb (webtiles) character file.

Game seed: 17663546533879604994

224641 Anon1729 the Executioner (level 18, -2/170 HPs)
             Began as a Minotaur Monk on Feb 22, 2023.
             Was an Elder of Qazlal.
             Slain by a tarantella (13 damage)
             ... on level 2 of the Spider Nest.
             The game lasted 00:47:10 (35772 turns).

Anon1729 the Executioner (Minotaur Monk)           Turns: 35772, Time: 00:47:10

Health: -2/170     AC: 11    Str: 24    XL:     18   Next: 97%
Magic:  28/29      EV: 14    Int:  7    God:    Qazlal [****..]
Gold:   4046       SH:  0    Dex: 15    Spells: 17/17 levels left

rFire   . . .      SeeInvis +    J - +4 battleaxe "Rouvuic" {flame, rC+ Str+2}
rCold   + . .      Faith    .    (shield currently unavailable)
rNeg    . . .      Spirit   .    Y - +1 plate armour {rPois}
rPois   +          Reflect  +    V - +2 hat {SInv}
rElec   .          Harm     .    (no cloak)
rCorr   .          Rampage  .    X - +0 pair of gloves
Will    +....                    (no boots) Stlth
                                 M - amulet of reflection
HPRegen 0.48/turn                s - +5 ring of evasion
MPRegen 0.21/turn                v - +4 ring of slaying

@: confused, lethally poisoned (-2 -> -29), corroded, studying 2 skills, repel
missiles
A: horns 2, retaliatory headbutt, iridescent scales 1, screaming 1
a: Renounce Religion, Upheaval, Elemental Force


You were on level 2 of the Spider Nest.
You worshipped Qazlal.
Qazlal was greatly pleased with you.
You visited 7 branches of the dungeon, and saw 29 of its levels.
You visited the Abyss 1 time.
You also visited: Bailey and Ice Cave.

You collected 4830 gold pieces.
You spent 784 gold pieces at shops.

Inventory:

Hand Weapons
 b - a +2 hand axe of flaming
 J - the +4 battleaxe "Rouvuic" (weapon) {flame, rC+ Str+2}
   (You took it off a deep elf annihilator on level 3 of the Elven Halls)

   Str:       It affects your strength (+2).
   rC:        It protects you from cold.
 R - a +0 broad axe
Armour
 V - a +2 hat of see invisible (worn)
 X - a +0 pair of gloves (worn)
 Y - a +1 plate armour of poison resistance (worn)
 Z - a +1 plate armour of cold resistance
Jewellery
 p - an amulet of faith
 s - a +5 ring of evasion (left hand)
 v - a +4 ring of slaying (right hand)
 x - a ring of protection from cold
 y - a ring of flight
 I - a ring of resist corrosion
 M - an amulet of reflection (around neck)
 O - a +6 ring of intelligence
 W - the ring "Rilunaf" {rC- rCorr AC+4 Int+4}
   (You found it on level 15 of the Dungeon)

   [ring of protection]

   AC:        It affects your AC (+4).
   Int:       It affects your intelligence (+4).
   rC:        It makes you vulnerable to cold.
   rCorr:     It protects you from acid and corrosion.
Wands
 a - a wand of mindburst (8)
 f - a wand of paralysis (4)
 A - a wand of digging (12)
 G - a wand of polymorph (28)
 K - a wand of flame (41)
 T - a wand of roots (8)
Scrolls
 d - 7 scrolls of fear
 h - 12 scrolls of teleportation
 l - 8 scrolls of magic mapping
 n - 9 scrolls of poison
 o - 2 scrolls of noise
 q - 3 scrolls of blinking
 t - 4 scrolls of amnesia
 u - 4 scrolls of torment
 D - a scroll of fog
 E - 3 scrolls of butterflies
 H - 2 scrolls of identify
 L - 2 scrolls of silence
 P - 5 scrolls of enchant weapon
 U - 6 scrolls of vulnerability
Potions
 e - a potion of resistance
 g - 3 potions of lignification
 i - 8 potions of mutation
 j - 5 potions of flight
 k - 12 potions of brilliance
 m - 8 potions of curing
 r - a potion of invisibility
 z - 3 potions of might
 B - 6 potions of haste
 C - 6 potions of heal wounds
 F - 3 potions of cancellation
 N - 5 potions of berserk rage
 Q - 8 potions of attraction
 S - 4 potions of magic
Miscellaneous
 c - a condenser vane
 w - a phial of floods


   Skills:
 + Level 17.2 Fighting
 * Level 21.8 Axes
 + Level 15.7 Armour
 - Level 3.2 Dodging
 - Level 1.5 Stealth
 * Level 17.2 Invocations
 + Level 11.4 Evocations


You had 17 spell levels left.
You didn't know any spells.
Your spell library contained the following spells:

 Spells                   Type           Power      Damage    Failure   Level
 Apportation              Tloc           0%         N/A       98%         1
 Foxfire                  Conj/Fire      0%         2x1d4     98%         1
 Kiss of Death            Conj/Necr      0%         2d5       98%         1
 Necrotise                Necr           0%         1d4       98%         1
 Sandblast                Erth           0%         2d4       98%         1
 Sting                    Tmut/Pois      0%         1d3       98%         1
 Summon Small Mammal      Summ           0%         N/A       98%         1
 Blink                    Tloc           0%         N/A       99%         2
 Call Imp                 Summ           0%         N/A       99%         2
 Cigotuvi's Dreadful Rot  Necr/Pois/Air  0%         N/A       99%         2
 Passwall                 Tmut/Erth      0%         N/A       99%         2
 Static Discharge         Conj/Air       0%         2-2/arc   99%         2
 Call Canine Familiar     Summ           0%         N/A       100%        3
 Confusing Touch          Hex            0%         N/A       100%        3
 Gell's Gravitas          Tloc           0%         N/A       100%        3
 Ignite Poison            Fire/Tmut/Pois 0%         N/A       100%        3
 Inner Flame              Hex/Fire       0%         N/A       100%        3
 Kindle Blastsparks       Fire/Tloc/Air  0%         2d10      100%        3
 Ozocubu's Armour         Ice            0%         N/A       100%        3
 Portal Projectile        Hex/Tloc       0%         N/A       100%        3
 Stone Arrow              Conj/Erth      0%         3d7       100%        3
 Summon Guardian Golem    Hex/Summ       0%         N/A       100%        3
 Vampiric Draining        Necr           0%         2d6       100%        3
 Vhi's Electric Charge    Tloc/Air       0%         N/A       100%        3
 Anguish                  Hex/Necr       0%         N/A       100%        4
 Cause Fear               Hex            0%         N/A       100%        4
 Dispel Undead            Necr           0%         3d6       100%        4
 Flame Wave               Conj/Fire      0%         2d4       100%        4
 Fulminant Prism          Conj/Hex       0%         3d5       100%        4
 Iskenderun's Mystic Bla  Conj/Tloc      0%         2d3       100%        4
 Manifold Assault         Tloc           0%         N/A       100%        4
 Olgreb's Toxic Radiance  Pois           0%         N/A       100%        4
 Passage of Golubria      Tloc           0%         N/A       100%        4
 Sticky Flame             Conj/Fire      0%         2d3       100%        4
 Summon Ice Beast         Ice/Summ       0%         N/A       100%        4
 Summon Lightning Spire   Summ/Air       0%         N/A       100%        4
 Agony                    Necr           0%         N/A       100%        5
 Alistair's Intoxication  Tmut/Pois      0%         N/A       100%        5
 Arcjolt                  Conj/Air       0%         1d10      100%        5
 Borgnjor's Vile Clutch   Necr/Erth      0%         N/A       100%        5
 Freezing Cloud           Conj/Ice/Air   0%         6-21      100%        5
 Irradiate                Conj/Tmut      0%         3d11      100%        5
 Lee's Rapid Deconstruct  Erth           0%         3d4*      100%        5
 Lightning Bolt           Conj/Air       0%         1d11      100%        5
 Metabolic Englaciation   Hex/Ice        0%         N/A       100%        5
 Silence                  Hex/Air        0%         N/A       100%        5
 Summon Mana Viper        Hex/Summ       0%         N/A       100%        5
 Yara's Violent Unravell  Hex/Tmut       0%         3d3       100%        5
 Conjure Ball Lightning   Conj/Air       0%         3x3d6     100%        6
 Death Channel            Necr           0%         N/A       100%        6
 Dispersal                Tloc           0%         N/A       100%        6
 Eringya's Noxious Bog    Tmut/Pois      0%         N/A       100%        6
 Iron Shot                Conj/Erth      0%         9d1       100%        6
 Simulacrum               Ice/Necr       0%         N/A       100%        6
 Statue Form              Tmut/Erth      0%         N/A       100%        6
 Enfeeble                 Hex            0%         N/A       100%        7
 Haunt                    Necr/Summ      0%         N/A       100%        7
 Malign Gateway           Summ/Tloc      0%         N/A       100%        7
 Monstrous Menagerie      Summ           0%         N/A       100%        7
 Orb of Destruction       Conj           0%         9d5       100%        7
 Ozocubu's Refrigeration  Ice            0%         4d7       100%        7
 Spellforged Servitor     Conj/Summ      0%         N/A       100%        7
 Borgnjor's Revivificati  Necr           0%         N/A       100%        8
 Discord                  Hex            0%         N/A       100%        8
 Disjunction              Tloc           0%         N/A       100%        8
 Ignition                 Fire           0%         3d3       100%        8
 Lehudib's Crystal Spear  Conj/Erth      0%         10d2      100%        8
 Necromutation            Tmut/Necr      0%         N/A       100%        8
 Death's Door             Necr           0%         N/A       100%        9
 Dragon's Call            Summ           0%         N/A       100%        9


Dungeon Overview and Level Annotations

Branches:
Dungeon (15/15)            Temple (1/1) D:5            Lair (5/5) D:11
 Shoals (0/4) Lair:3       Spider (2/4) Lair:2        Slime (0/5) Lair:4
    Orc (2/2) D:11            Elf (3/3) Orc:2        Vaults (0/5) D:14
 Depths (1/4) D:15         Bailey (visited)           IceCv (visited)

Altars:
Ashenzari
Cheibriados
Dithmenos
Elyvilon
Fedhas
Gozag
Hepliaklqana
Kikubaaqudgha
Makhleb
Nemelex Xobeh
Okawaru
Qazlal
Ru
Sif Muna
Trog
Uskayaw
Vehumet
Wu Jian
Xom
Yredelemnul
Zin
The Shining One
Jiyva
Lugonu

Shops:
Orc:2 :=*   Elf:1 **

Annotations:
D:10 exclusions: oklob plant and oklob sapling
Lair:4 1 runed translucent door
Spider:2 Arachne, Azrael
Elf:1 6 runed translucent doors


Innate Abilities, Weirdness & Mutations

You have a pair of horns on your head.
You reflexively headbutt those who attack you in melee.
You are partially covered in iridescent scales. (AC +2)
You occasionally shout uncontrollably at your foes.


Message History

The jumping spider leaps!
You slash the wolf spider! You burn the wolf spider.
The wolf spider is severely wounded.
You slash the culicivora! You burn the culicivora. The wolf spider hits you.
The wolf spider misses you.
The culicivora is engulfed in freezing vapours.
The culicivora bites you!
The culicivora draws strength from your injuries!
You hit the wolf spider. You burn the wolf spider.
You headbutt the wolf spider.
The wolf spider is almost dead.
You slash the culicivora! You burn the culicivora.
The wolf spider closely misses you. You furiously retaliate!
You headbutt the wolf spider. You block the wolf spider's attack.
The jumping spider leaps!
The culicivora is engulfed in freezing vapours.
You kill the culicivora!
Qazlal accepts your kill. The wolf spider hits you!
* * * LOW HITPOINT WARNING * * *
You block the wolf spider's attack. The wolf spider hits you!!
* * * LOW HITPOINT WARNING * * *
The wolf spider closely misses you.
The jumping spider leaps!
You see here a culicivora corpse.
You slice the tarantella!! You burn the tarantella!
The tarantella is almost dead.
You closely miss the wolf spider. The tarantella touches you.
* * * LOW HITPOINT WARNING * * *
You are confused.
The wolf spider hits you but does no damage.
The wolf spider bites you but does no damage.
The tarantella touches you but does no damage.
You're too confused to move!
The jumping spider leaps!
The wolf spider hits you!
* * * LOW HITPOINT WARNING * * *
The wolf spider bites you!
* * * LOW HITPOINT WARNING * * *
You are lethally poisoned!
The wolf spider poisons you! The tarantella touches you!
You die...

##.#....^..
#.........## #......
##.......... .......
#.........###
....^..##...........##
.....s.>#.....†.†...^#
........###...†.....##
......s○##.°.....^..#
#.......s@.§...###.##
#......○☼.s.....# ##
#.y.....§...○....#
...........°..#^##
...##.........### ..
#...........# .
#..........##
#..#.......#
####........


You could see a ghost moth (invisible), a wolf spider, an orb spider, a jumping
spider and a tarantella.

Vanquished Creatures
  Saint Roka (Elf:3)
  A bone dragon (Elf:2)
  2 deep elf blademasters (Elf:3)
  A tentacled starspawn (Abyss:2)
  An Executioner (Abyss:2)
  2 deep elf master archers (Elf:3)
  Gastronok (D:10)
  An eldritch tentacle (Elf:2)
  6 deep elf sorcerers (Elf:3)
  An angel (Abyss:2)
  3 deep elf elementalists (Elf:3)
  A reaper (IceCv)
  A stone giant (Depths:1)
  3 deep elf demonologists
  Nessos (Orc:2)
  A black draconian (Abyss:2)
  9 deep elf annihilators (Elf:3)
  A dire elephant (Lair:5)
  A spark wasp (Elf:2)
  4 deep elf death magi (Elf:3)
  An eidolon (Elf:2)
  Josephine (D:14)
  An ettin (Depths:1)
  An entropy weaver (Spider:2)
  5 deep elf high priests
  2 vault guards (Bailey)
  4 hydras
  Erolcha (D:9)
  3 ghost crabs (Elf:2)
  A catoblepas (Lair:5)
  4 centaur warriors
  6 two-headed ogres
  20 dancing weapons
  A two-headed ogre (shapeshifter) (Elf:1)
  A deep troll shaman (Lair:5)
  3 hell hogs
  5 death yaks (Lair:5)
  6 boulder beetles
  Urug (Orc:2)
  3 orc high priests
  Sonja (Orc:2)
  25 deep elf knights
  A titan skeleton (Elf:2)
  3 skeletal warriors (D:14)
  Lodul (D:9)
  4 skysharks
  A deep troll (shapeshifter) (Elf:2)
  18 deep elf archers
  An orb spider (Lair:2)
  An obsidian statue (Elf:2)
  A glowing orange brain (Elf:2)
  A lindwurm (Lair:3)
  5 orc knights
  A wizard (D:15)
  33 deep elf pyromancers
  A necromancer (D:15)
  An oklob plant (Lair:2)
  6 ugly things
  A cyclops (Orc:1)
  8 orc sorcerers
  4 manticores
  31 deep elf zephyrmancers
  A tengu skeleton (Elf:2)
  3 wolf spiders
  2 worldbinders (Elf:2)
  A centaur zombie (D:15)
  13 elephants
  2 moths of wrath
  4 black mambas
  A demonic crawler (Spider:2)
  2 torpor snails (Lair:5)
  7 cane toads
  2 ice statues (IceCv)
  2 gargoyles (D:12)
  2 unseen horrors
  2 centaur skeletons (D:15)
  A storm dragon simulacrum (Elf:2)
  An efreet (Abyss:2)
  5 ice devils (IceCv)
  16 komodo dragons
  An ancient zyme (Abyss:2)
  2 hellwings (Abyss:2)
  2 polar bears (Lair:5)
  8 trolls
  2 shadow dragon simulacra (Elf:2)
  A tarantella (Spider:2)
  A hornet (D:8)
  11 blink frogs
  Prince Ribbit (Bailey)
  4 raiju (Abyss:2)
  3 dream sheep (Lair:5)
  3 flying skulls (Abyss:2)
  A centaur simulacrum (D:15)
  5 jumping spiders
  3 air elementals
  2 culicivoras
  A culicivora (shapeshifter) (Elf:2)
  4 water elementals
  A shadow (D:11)
  2 ynoxinuls (Abyss:2)
  8 humans (Bailey)
  5 basilisks
  43 yaks
  7 fire elementals
  2 vampires
  3 wyverns
  6 wraiths
  2 golden eyes (Elf:2)
  A steam dragon (shapeshifter) (Abyss:2)
  3 vampire mosquitoes (D:13)
  5 steam dragons
  A redback (shapeshifter) (D:15)
  2 chaos spawn (Abyss:2)
  3 death yak simulacra (IceCv)
  A harpy simulacrum (IceCv)
  9 redbacks
  A warg (Orc:2)
  11 large abominations
  2 spatial vortices (Elf:2)
  2 acid dragons
  3 hell hounds (Spider:2)
  A hydra simulacrum (IceCv)
  A glowing shapeshifter skeleton (Elf:2)
  10 water moccasins
  41 orc warriors
  3 sky beasts
  10 ogres
  An ice beast (D:6)
  3 black bears
  18 wolves
  2 boggarts (Elf:2)
  23 centaurs
  2 phantoms
  29 bullfrogs
  5 scorpions
  4 two-headed ogre simulacra (IceCv)
  2 gnoll sergeants (D:12)
  An earth elemental (Elf:1)
  A cane toad simulacrum (IceCv)
  6 wights
  An elephant simulacrum (IceCv)
  24 killer bees
  2 electric eels (D:10)
  4 howler monkeys
  6 small abominations
  A quasit (Abyss:2)
  23 orc priests
  3 hounds
  A jelly (D:5)
  An iron imp (D:10)
  5 iguanas
  2 gnoll boudas
  16 orc wizards
  A spriggan simulacrum (IceCv)
  A polar bear simulacrum (IceCv)
  A troll simulacrum (IceCv)
  A wolf simulacrum (IceCv)
  Robin (D:4)
  20 gnolls
  8 adders
  3 naga simulacra (IceCv)
  3 white imps
  6 ufetubi
  A worm (D:2)
  9 dart slugs
  73 orcs
  4 ball pythons
  7 endoplasms
  6 giant cockroaches
  16 goblins
  8 hobgoblins
  3 jackals
  A quokka (D:1)
  2 bats
  A frilled lizard (D:1)
  8 kobolds
  6 rats
  A spectral orc (D:5)
  A bush (Lair:2)
  2 butterflies
  A starspawn tentacle (Abyss:2)
953 creatures vanquished.

Vanquished Creatures (collateral kills)
  A water nymph (Lair:3)
  4 yaks (Lair:3)
5 creatures vanquished.

Vanquished Creatures (others)
  2 deep elf knights
  A deep elf archer (Elf:2)
  An ugly thing (D:13)
  A deep elf pyromancer (Elf:3)
  63 fungi
  123 plants
  3 starspawn tentacles (Abyss:2)
194 creatures vanquished.

Grand Total: 1152 creatures vanquished

Notes
Turn   | Place    | Note
-------+----------+-------------------------------------------
     0 | D:1      | Anon1729 the Minotaur Monk began the quest for the Orb.
     0 | D:1      | Reached XP level 1. HP: 19/19 MP: 0/0
   138 | D:1      | Reached skill level 4 in Axes
   138 | D:1      | Reached XP level 2. HP: 27/27 MP: 1/1
   238 | D:1      | Reached skill level 1 in Armour
   969 | D:2      | Reached XP level 3. HP: 29/33 MP: 2/2
  1213 | D:2      | Identified the +5 short sword "Emackub" {heavy, Contam
                  | rPois rCorr}
  1972 | D:3      | Noticed a centaur
  1977 | D:3      | Reached XP level 4. HP: 28/41 MP: 3/3
  1990 | D:3      | Killed a centaur
  1991 | D:3      | Reached skill level 5 in Axes
  1991 | D:3      | Reached XP level 5. HP: 20/47 MP: 4/4
  2574 | D:4      | Found a blossoming altar of Fedhas.
  2604 | D:4      | Noticed a centaur
  2608 | D:4      | Killed a centaur
  2609 | D:4      | Reached skill level 5 in Fighting
  2609 | D:4      | Reached skill level 6 in Axes
  2609 | D:4      | Reached XP level 6. HP: 54/56 MP: 5/5
  2679 | D:4      | Found a shimmering blue altar of Sif Muna.
  2933 | D:4      | Noticed Robin
  2946 | D:4      | Killed Robin
  3017 | D:4      | Reached skill level 7 in Axes
  3330 | D:5      | Entered Level 5 of the Dungeon
  3429 | D:5      | Reached XP level 7. HP: 62/62 MP: 6/6
  3496 | D:5      | Reached skill level 8 in Axes
  3734 | D:5      | Reached skill level 5 in Armour
  3779 | D:5      | Found a basalt altar of Yredelemnul.
  3907 | D:5      | Reached XP level 8. HP: 71/71 MP: 7/7
  3985 | D:5      | Found a staircase to the Ecumenical Temple.
  4042 | D:5      | Reached skill level 9 in Axes
  4075 | Temple   | Entered the Ecumenical Temple
  4451 | D:5      | Found a radiant altar of Vehumet.
  5108 | D:6      | Found an ornate altar of the Wu Jian Council.
  5138 | D:6      | Found a stormy altar of Qazlal.
  5282 | D:6      | Found a glowing silver altar of Zin.
  5321 | D:6      | Became a worshipper of Qazlal Stormbringer
  5321 | D:6      | Reached * piety under Qazlal
  5321 | D:6      | Reached ** piety under Qazlal
  5380 | D:6      | Reached skill level 10 in Axes
  5409 | D:6      | Reached skill level 1 in Invocations
  5624 | D:6      | Found a hazy altar of Hepliaklqana.
  5730 | D:6      | Found a glowing golden altar of the Shining One.
  6344 | D:7      | Reached skill level 1 in Evocations
  6344 | D:7      | Reached XP level 9. HP: 79/80 MP: 9/9
  6409 | D:7      | Found a sparkling altar of Nemelex Xobeh.
  6836 | D:7      | Found a shimmering altar of Xom.
  6914 | D:8      | Found a sacrificial altar of Ru.
  6976 | D:8      | Found an opulent altar of Gozag.
  7120 | D:8      | Reached skill level 11 in Axes
  7236 | D:8      | Reached XP level 10. HP: 83/90 MP: 12/12
  7239 | D:8      | Reached skill level 5 in Invocations
  7248 | D:8      | Reached *** piety under Qazlal
  7728 | D:8      | Found an ancient bone altar of Kikubaaqudgha.
  7862 | D:9      | Noticed a red ugly thing
  7872 | D:9      | Gained mutation: You are partially covered in iridescent
                  | scales. (AC +2) [potion of mutation]
  7872 | D:9      | Gained mutation: You occasionally shout uncontrollably at
                  | your foes. [potion of mutation]
  7877 | D:9      | Killed a red ugly thing
  7948 | D:9      | Reached skill level 12 in Axes
  8018 | D:9      | Found a flagged portal.
  8028 | D:9      | Identified the +2 hand axe of Fath {freeze, rPois Str+2}
  8167 | Bailey   | Entered a bailey
  8232 | Bailey   | Noticed Prince Ribbit
  8248 | Bailey   | Killed Prince Ribbit
  8287 | Bailey   | Noticed a vault guard
  8310 | Bailey   | Identified a scroll of acquirement
  8324 | Bailey   | Killed a vault guard
  8325 | Bailey   | Reached XP level 11. HP: 47/97 MP: 15/15
  8474 | Bailey   | Reached **** piety under Qazlal
  8562 | Bailey   | Noticed a vault guard
  8587 | Bailey   | Killed a vault guard
  8588 | Bailey   | Reached skill level 13 in Axes
  8881 | D:9      | Noticed Erolcha
  8898 | D:9      | Killed Erolcha
  9015 | D:9      | Noticed a two-headed ogre
  9023 | D:9      | Killed a two-headed ogre
  9159 | D:9      | Reached skill level 10 in Fighting
  9353 | D:10     | Entered Level 10 of the Dungeon
  9506 | D:10     | Noticed Lodul
  9595 | D:9      | Killed Lodul
  9596 | D:9      | Reached skill level 5 in Evocations
  9807 | D:10     | Noticed a two-headed ogre
  9814 | D:10     | Killed a two-headed ogre
  9890 | D:10     | Found an iron altar of Okawaru.
  9910 | D:10     | Noticed a two-headed ogre
  9917 | D:10     | Killed a two-headed ogre
 10165 | D:10     | Noticed Gastronok
 10178 | D:10     | Killed Gastronok
 10179 | D:10     | Reached skill level 14 in Axes
 10201 | D:10     | Noticed an oklob plant
 10530 | D:10     | Found a snail-covered altar of Cheibriados.
 10878 | D:11     | Identified the +5 long sword "Wiol" {spect, rC+ rN+}
 10901 | D:11     | Reached XP level 12. HP: 90/108 MP: 17/17
 10978 | D:11     | Found a staircase to the Orcish Mines.
 10988 | D:11     | Noticed a two-headed ogre
 10996 | D:11     | Killed a two-headed ogre
 11077 | D:11     | Noticed a boulder beetle
 11094 | D:11     | Reached skill level 10 in Armour
 11094 | D:11     | Killed a boulder beetle
 11101 | D:11     | Reached ***** piety under Qazlal
 11175 | D:11     | Found a staircase to the Lair.
 11183 | D:11     | Noticed a boulder beetle
 11213 | D:11     | Killed a boulder beetle
 11806 | Lair:1   | Entered Level 1 of the Lair of Beasts
 12064 | Lair:1   | Found a frozen archway.
 12073 | IceCv    | Entered an ice cave
 12778 | IceCv    | Reached skill level 15 in Axes
 12786 | IceCv    | Noticed a reaper
 12898 | IceCv    | Killed a reaper
 12899 | IceCv    | Reached skill level 10 in Invocations
 14494 | Lair:2   | Reached XP level 13. HP: 64/117 MP: 19/19
 15011 | Lair:2   | Found a hole to the Spider Nest.
 15774 | Lair:3   | Reached skill level 16 in Axes
 16970 | Orc:1    | Entered Level 1 of the Orcish Mines
 17216 | Orc:2    | Entered Level 2 of the Orcish Mines
 17216 | Orc:2    | Noticed Urug
 17217 | Orc:2    | Noticed Nessos
 17236 | Orc:2    | Killed Nessos
 17241 | Orc:2    | Killed Urug
 17242 | Orc:2    | HP: 4/118 [orc priest/divine providence (10)]
 18092 | Orc:2    | Found a staircase to the Elven Halls.
 18154 | Orc:2    | Found a runed translucent door.
 18249 | Orc:2    | Noticed Sonja
 18386 | Orc:2    | Killed Sonja
 18453 | Orc:2    | Found Ynohutal's General Store.
 18453 | Orc:2    | Found Kiczos's Jewellery Emporium.
 18455 | Orc:2    | Found Vaunoamo's Book Shoppe.
 18457 | Orc:2    | Found Aziseus's Distillery.
 18476 | Orc:2    | Bought a potion of haste for 120 gold pieces
 18476 | Orc:2    | Bought a potion of heal wounds for 60 gold pieces
 18476 | Orc:2    | Bought a potion of heal wounds for 60 gold pieces
 18476 | Orc:2    | Bought a potion of mutation for 96 gold pieces
 18476 | Orc:2    | Bought a potion of brilliance for 48 gold pieces
 18476 | Orc:2    | Bought a potion of berserk rage for 60 gold pieces
 18476 | Orc:2    | Bought a potion of attraction for 36 gold pieces
 18476 | Orc:2    | Bought a potion of attraction for 36 gold pieces
 18476 | Orc:2    | Bought a potion of cancellation for 96 gold pieces
 18476 | Orc:2    | Bought a potion of lignification for 36 gold pieces
 18478 | Orc:2    | Bought a potion of curing for 51 gold pieces
 18478 | Orc:2    | Bought a scroll of identify for 34 gold pieces
 18479 | Orc:2    | Acquired 1131 gold pieces
 18994 | Orc:2    | Reached XP level 14. HP: 127/127 MP: 13/22
 19012 | Orc:2    | Reached skill level 17 in Axes
 19481 | D:12     | Got the Parchment of Changing and Sciomancy
 21256 | D:14     | Found a gate to the Vaults.
 21892 | D:14     | Noticed Josephine
 21915 | D:14     | Killed Josephine
 22409 | D:15     | Entered Level 15 of the Dungeon
 22409 | D:15     | Found a shadowy altar of Dithmenos.
 22525 | D:15     | Identified the ring "Rilunaf" {rC- rCorr AC+4 Int+4}
 22832 | D:15     | Reached skill level 18 in Axes
 22884 | D:15     | Found a staircase to the Depths.
 23358 | Lair:4   | Reached XP level 15. HP: 136/136 MP: 24/24
 23405 | Lair:4   | Found a runed translucent door.
 23413 | Lair:4   | Found a viscous altar of Jiyva.
 23413 | Lair:4   | Noticed an azure jelly
 23415 | Lair:4   | Found a staircase to the Slime Pits.
 24049 | Lair:5   | Entered Level 5 of the Lair of Beasts
 24085 | Lair:5   | Reached ****** piety under Qazlal
 25779 | Depths:1 | Entered Level 1 of the Depths
 26115 | Depths:1 | Noticed a fire giant
 26260 | Elf:1    | Entered Level 1 of the Elven Halls
 26273 | Elf:1    | Paralysed by an orc sorcerer for 4 turns
 26297 | Elf:1    | Reached skill level 19 in Axes
 27006 | Elf:1    | Identified the +10 plate armour "Entiaz" {Harm *Slow rF++
                  | rCorr}
 27013 | Elf:1    | Reached XP level 16. HP: 63/147 MP: 19/26
 27283 | Elf:1    | Got the Treatise on Pyromancy and the Snake
 27326 | Elf:1    | Found Wukaloq's Specific Store.
 27327 | Elf:1    | Found Hene's General Store.
 27334 | Elf:1    | Bought a scroll of teleportation for 51 gold pieces
 27486 | Elf:1    | Found a runed translucent gate.
 27486 | Elf:1    | Found a runed translucent gate.
 27486 | Elf:1    | Found a runed translucent gate.
 27486 | Elf:1    | Found a runed translucent gate.
 27486 | Elf:1    | Found a runed translucent gate.
 27487 | Elf:1    | Found a runed translucent gate.
 27579 | Elf:1    | Paralysed by an air elemental for 1 turns
 28402 | Elf:2    | Reached skill level 15 in Invocations
 28517 | Elf:2    | Noticed a bone dragon
 28844 | Elf:2    | Reached skill level 10 in Evocations
 28844 | Elf:2    | Paralysed by an air elemental for 1 turns
 28855 | Elf:2    | Got the Cyclopedia of the Gang
 29067 | Elf:2    | Reached skill level 20 in Axes
 29392 | Elf:2    | Got Sif Muna's Elucidation of Beguiling
 29449 | Elf:2    | Found a radiant altar of Vehumet.
 29585 | Elf:2    | Found a huge runed translucent gate.
 29585 | Elf:2    | Found a huge runed translucent gate.
 29585 | Elf:2    | Found a huge runed translucent gate.
 29588 | Elf:2    | Reached skill level 15 in Fighting
 29603 | Elf:2    | Found a huge runed translucent gate.
 29604 | Elf:2    | Found a huge runed translucent gate.
 29858 | Elf:2    | Killed a bone dragon
 30034 | Elf:2    | Got the Book of Black Words
 31509 | Elf:3    | Entered Level 3 of the Elven Halls
 31831 | Elf:3    | Reached XP level 17. HP: 117/156 MP: 28/28
 32297 | Abyss:2  | Cast into level 2 of the Abyss (a deep elf sorcerer)
 32333 | Abyss:2  | Reached skill level 15 in Armour
 32358 | Abyss:2  | Reached XP level 18. HP: 45/168 MP: 29/29
 32368 | Abyss:2  | Found a corrupted altar of Lugonu.
 32581 | Abyss:2  | Reached skill level 21 in Axes
 32588 | Abyss:2  | Noticed a bone dragon
 32876 | Elf:3    | Escaped the Abyss
 33273 | Elf:2    | Got the Codex of Correspondence
 34255 | Elf:3    | Noticed Saint Roka
 34270 | Elf:3    | Killed Saint Roka
 34851 | Elf:3    | Identified the +4 battleaxe "Rouvuic" {flame, rC+ Str+2}
 34988 | Elf:3    | Identified the +8 dagger "Tourav" {flame, Fly rC+}
 35252 | Elf:3    | Got the Octavo of Damaging Last Rites
 35256 | Elf:3    | Got the Vademecum on the Infected Escort
 35258 | Elf:3    | Got the Papyrus of Ouranomancy
 35325 | Elf:3    | Identified the +5 spear of the Imperium {drain, Contam
                  | *Noise rElec Dex+8}
 35327 | Elf:3    | Identified the +0 tower shield of Coklyuz {rElec rN+ Will+
                  | Dex-3}
 35671 | Spider:1 | Entered Level 1 of the Spider Nest
 35716 | Spider:2 | Noticed Azrael
 35719 | Spider:2 | Noticed Arachne
 35772 | Spider:2 | Slain by a tarantella

Illustrated notes

Levels and vault maps discovered:
D:1:      giann_bridges, layout_loops_ring, hex_tiny, minmay_pentomino_s2
D:2:      layout_basic
D:3:      kennysheep_slugbush, layout_rooms, minmay_diced_spiral
D:4:      layout_loops_cross, overflow_temple_1_default, fedhas_ov_isle_minmay,
          chequers_serial_rivers_small_b, minmay_small_thing, uniq_robin
D:5:      layout_layer_cave, yredelemnul_forgotten_temple_becter,
          mainiacjoe_overflow_alcove_2, temple_statues, minivault_4
D:6:      layout_layer_cave, mainiacjoe_overflow_concentric_impassable,
          zin_academy, tso_altar, mainiacjoe_overflow_two_lobes,
          serial_bayou_crossing
D:7:      layout_gridville, mainiacjoe_overflow_alcove_4,
          mainiacjoe_overflow_tiny_flanked, dreamdust_mushroom_princess
D:8:      layout_gridville, nicolae_ru_sacrificial_ziggurat,
          kiku_gazebo_pond_becter, lemuel_crystal_altar,
          ebering_dispersal_statue_hall, serial_park_tiny_1
D:9:      layout_loops_ring, enter_bailey_2, uniq_erolcha
D:10:     layout_basic, okawaru_gym_becter, slow_altar_2,
          introduction_to_nature_2, uniq_gastronok, uniq_lodul
D:11:     layout_irregular_city, due_lair_maze_entry_diamond, erik_orc_4,
          serial_rivers, chequers_serial_rivers_micro_d,
          chequers_serial_rivers_marsh, chequers_serial_rivers_micro_a,
          chequers_serial_rivers_small_b, chequers_serial_rivers_large_a,
          unseen_surprise_small
D:12:     layout_irregular_city, kennysheep_generic_room_8
D:13:     layout_cave_pools, grunt_decor_fettered, kennysheep_small_spiral
D:14:     layout_stronghold, erik_vaults_1, hangedman_decor_slide_cut,
          uniq_josephine
D:15:     grunt_enter_depths_magical_seal, layout_rooms,
          grunt_dithmenos_smoke_and_mirrors
Temple:   corrupted_temple
Lair:1:   layout_layer_cave, portal_ice_cave_entry_pillars_1,
          nicolae_quartered_pool_impasse
Lair:2:   layout_cave_shapes, nicolae_spider_entry_orb_guardian,
          minmay_lair_oklob_items, grunt_megastairs_2, lemuel_fruit_fields
Lair:3:   layout_layer_cave, nicolae_shoals_entry_flooding,
          serial_bayou_lagoon_a, lemuel_fruit_fields, grunt_megastairs_3
Lair:4:   layout_regular_city, slime_entry_2, serial_bayou_pond_c
Lair:5:   grunt_lair_end_beastmaster, layout_layer_cave, lemuel_fruit_fields
Spider:1: layout_spider_delve, nicolae_spider_acid_house
Spider:2: layout_spider_delve, uniq_arachne, uniq_azrael
Orc:1:    layout_diamond_mine
Orc:2:    st_orc_rangers, layout_diamond_mine, basic_altar,
          lightli_church_of_beogh, uniq_nessos, uniq_sonja, uniq_urug
Elf:1:    nicolae_elf_arrival_no_cutting_in_line, layout_gridlike, orc_legates,
          nrook_loot_triangle, nicolae_specific_store
Elf:2:    elven_hall_of_blades_hangedman_alternative [grunt_blade_entry_basic],
          layout_loops_cross, serial_hangedman_research,
          hangedman_research_thanatology, hangedman_research_probablistics,
          hangedman_research_convocations, hangedman_research_quantum,
          guppyfry_elf_altar
Elf:3:    minmay_elf_hall_dome, layout_rooms, due_unseen_surprise,
          grunt_megastairs_5, uniq_saint_roka, uniq_louise
Depths:1: layout_big_octagon, nrook_pool_corridor, hell_entry,
          minmay_misc_feat_ornament, serial_bayou_shore_b

Skill      XL: |  1  2  3  4  5  6  7  8  9 10 11 12 13 14 15 16 17 18 |
---------------+-------------------------------------------------------+-----
Axes           | 4 5 6 7 8 10 11 12 14 15 16 18 19 20 21 | 21.8
Armour         | 1 2 3 4 5 6 7 8 9 10 12 13 14 15 | 15.7
Fighting       | 4 5 6 7 8 9 10 11 12 13 14 15 16 17 | 17.2
Invocations    | 2 4 7 8 10 12 13 14 16 17 | 17.2
Evocations     | 1 3 4 5 6 7 8 9 10 11 | 11.4
Dodging        | |  3.2
Stealth        | |  1.5

Action                     |  1- 3 |  4- 6 |  7- 9 | 10-12 | 13-15 | 16-18 || total
---------------------------+-------+-------+-------+-------+-------+-------++-------
  Melee: Hand axe          |   108 |    24 |       |       |    27 |       ||   159
         Headbutt          |    15 |    19 |    21 |   115 |   253 |   189 ||   612
         Punch             |       |     1 |     1 |     9 |    21 |    11 ||    43
         War axe           |       |    60 |   155 |   489 |   915 |   695 ||  2314
         Battleaxe         |       |       |       |       |       |    52 ||    52
 Invoke: Upheaval          |       |       |       |    17 |     7 |    27 ||    51
         Disaster Area     |       |       |       |       |     2 |     4 ||     6
         Elemental Force   |       |       |       |       |     1 |       ||     1
  Evoke: Wand              |       |       |       |     1 |       |     4 ||     5
         Phial of floods   |       |       |       |       |       |     2 ||     2
         Condenser vane    |       |       |       |       |       |     2 ||     2
    Use: Scroll            |       |       |     6 |     4 |     9 |    11 ||    30
         Potion            |       |       |       |     4 |     3 |    12 ||    19
   Stab: Petrified         |       |       |       |       |     3 |       ||     3
         Petrifying        |       |       |       |       |     1 |       ||     1
         Paralysed         |       |       |       |       |       |    11 ||    11
 Armour: Plate armour      |    63 |    58 |    71 |   134 |   313 |   227 ||   866
         Chain mail        |       |       |       |    12 |       |       ||    12
  Dodge: Dodged            |    35 |    70 |   139 |   213 |   382 |   307 ||  1146
         Repelled          |       |       |       |     5 |     9 |    17 ||    31
  Block: Other             |       |       |    16 |   180 |   474 |   268 ||   938
         Reflection        |       |       |       |     3 |    70 |    25 ||    98

Table legend: (Time is in decaauts)
 A = Elapsed time spent in this place.
 B = Non-inter-level travel time spent in this place.
 C = Inter-level travel time spent in this place.
 D = Time resting spent in this place.
 E = Time spent auto-exploring this place.
 F = Levels seen in this place.
 G = Mean time per level.
                   A        B        C        D        E       F      G
               +--------+--------+--------+--------+--------+-----+--------+
         Total |  35333 |  33581 |   1752 |   6225 |  22192 |  32 | 1104.2 |
       Dungeon |  15233 |  14281 |    952 |   1026 |  11383 |  15 | 1015.5 |
        Temple |     45 |     33 |     12 |      0 |     27 |   1 |   45.0 |
          Lair |   6568 |   6257 |    311 |    293 |   5173 |   5 | 1313.6 |
   Spider Nest |     87 |     79 |      8 |      0 |     21 |   2 |   43.5 |
  Orcish Mines |   2229 |   2075 |    154 |    546 |   1234 |   2 | 1114.5 |
   Elven Halls |   8582 |   8271 |    311 |   3048 |   3768 |   3 | 2860.7 |
        Depths |    344 |    344 |      0 |    271 |     21 |   1 |  344.0 |
         Abyss |    545 |    545 |      0 |     84 |    234 |   1 |  545.0 |
        Bailey |    572 |    572 |      0 |    280 |    114 |   1 |  572.0 |
      Ice Cave |   1123 |   1123 |      0 |    676 |    215 |   1 | 1123.0 |
               +--------+--------+--------+--------+--------+-----+--------+

Top non-repeatable levels by time:
   Elf:2: 4544 daAuts
   Elf:1: 2105 daAuts
   Elf:3: 1933 daAuts
  Lair:3: 1661 daAuts
     D:6: 1550 daAuts
  Lair:5: 1521 daAuts
     D:5: 1395 daAuts
  Lair:1: 1366 daAuts
     D:9: 1361 daAuts
    D:14: 1315 daAuts
    D:12: 1207 daAuts
   Orc:2: 1157 daAuts
    D:11: 1132 daAuts
   IceCv: 1123 daAuts
   Orc:1: 1071 daAuts
